 Dungeon Crawl Stone Soup version 0.23-a0-321-g6bcb69f (webtiles) character file.

65 iamserjio the Digger (level 3, -4/19 HPs)
             Began as a Deep Elf Earth Elementalist on Oct 15, 2018.
             Slain by an orc warrior
             ... wielding a +0 glaive
              (14 damage)
             ... on level 2 of the Dungeon.
             The game lasted 00:02:19 (1291 turns).

iamserjio the Digger (Deep Elf Earth Elementalist)  Turns: 1291, Time: 00:02:19

Health: -4/19      AC:  2    Str:  5    XL:     3   Next: 94%
Magic:  9/10       EV: 13    Int: 20    God:
Gold:   125        SH:  0    Dex: 15    Spells: 5/9 levels left

rFire    . . .     SeeInvis .   e - +0 spear
rCold    . . .     Gourm    .   (no shield)
rNeg     . . .     Faith    .   c - +0 robe
rPois    .         Spirit   .   (no helmet)
rElec    .         Reflect  .   (no cloak)
rCorr    .         Harm     .   (no gloves)
MR       .....                  (no boots)
Stlth    ++........             (no amulet)
HPRegen  0.06/turn              (no ring)
MPRegen  0.12/turn              (no ring)

@: no status effects
A: no striking features
a: no special abilities


You were on level 2 of the Dungeon.
You were not hungry.

You visited 1 branch of the dungeon, and saw 2 of its levels.

You collected 125 gold pieces.

Inventory:

Hand Weapons
 e - a +0 spear (weapon)
Missiles
 b - 60 stones (quivered)
Armour
 c - a +0 robe (worn)
 o - a +0 robe of magic resistance
 s - a +0 cloak
Jewellery
 r - an uncursed amulet of faith {unknown}
Scrolls
 k - 4 scrolls of immolation {unknown}
 l - a scroll of remove curse {unknown}
 m - 3 scrolls of identify {unknown}
 q - 2 scrolls of teleportation {unknown}
Potions
 a - 4 potions of heal wounds {unknown}
 f - 2 potions of might {unknown}
 g - a potion of lignification {unknown}
 h - a potion of agility {unknown}
 i - 2 potions of curing {unknown}
 j - a potion of flight {unknown}
 n - 2 potions of ambrosia {unknown}
Comestibles
 d - 4 rations
 p - a chunk of flesh


   Skills:
 + Level 3.3 Dodging
 - Level 2.4 Stealth
 + Level 3.9 Spellcasting
   Level 1.1 Transmutations
 * Level 4.4 Earth Magic


You had 5 spell levels left.
You knew the following spells:

 Your Spells              Type           Power        Failure   Level  Hunger
a - Sandblast             Erth           ###...       1%          1    None
b - Stone Arrow           Conj/Erth      ##....       16%         3    ###....

Your spell library contained the following spells:

 Spells                   Type           Power        Failure   Level  Hunger
 Passwall                 Tmut/Erth      ###.....     6%          2    ##.....
 Petrify                  Tmut/Erth      ###.....     38%         4    ####...
 Lee's Rapid Deconstruct  Erth           ###.......   50%         5    ######.


Dungeon Overview and Level Annotations

Branches:
Dungeon (2/15)

Altars:


Message History

Aiming: Sandblast (safe; 2% risk of failure)
Aim: an orc wizard, wielding a +0 dagger and wearing a +0 robe (severely The blast of sand hits the orc wizard.
b - 61 stones
Casting: Sandblast (safe; 2% risk of failure)
Aiming: Sandblast (safe; 2% risk of failure)
Aim: an orc wizard, wielding a +0 dagger and wearing a +0 robe (severely The blast of sand hits the orc wizard.
You kill the orc wizard!
b - 60 stones
Things that are here:
a +0 dagger; a +0 robe; an orc corpse Memorise Stone Arrow, consuming 3 spell levels and leaving 5?
You start memorising the spell.
You continue memorising. x3
You finish memorising.
Spell assigned to 'b'.
You start resting.
The orc warrior is too close now for your liking.
The orc warrior hits you from afar with a +0 glaive!
Ouch! That really hurt!
You die...

#............#######
#...................
#............###รท... ###
#######.####........ #.#
... #........ #.# .
#........ #.# .#######.###
#.############ .........#
#..)......@..#########..#
#.##########o...........#
#.# .............####..#
#.#o#######.......# #..#
#.#.#.....<.......# #..###
#.#o#.##..........# #.....
#.#.#.##.#........# #...##
#o#.#....#........# #...#
#.#............<..####...#


You could see an orc warrior.

Vanquished Creatures
  An orc wizard (D:2)
  A worm (D:2)
  A dart slug (D:2)
  A ball python (D:2)
  7 goblins
  2 hobgoblins
  2 jackals (D:1)
  7 bats
  4 frilled lizards
  4 kobolds
  2 rats
32 creatures vanquished.

Notes
Turn   | Place    | Note
-------+----------+-------------------------------------------
     0 | D:1      | iamserjio the Deep Elf Earth Elementalist began the quest
                  | for the Orb.
     0 | D:1      | Reached XP level 1. HP: 10/10 MP: 6/6
   200 | D:1      | Reached XP level 2. HP: 15/15 MP: 6/8
   816 | D:2      | Reached skill level 4 in Earth Magic
   867 | D:2      | Reached XP level 3. HP: 19/19 MP: 6/10
  1253 | D:2      | Noticed an orc warrior
  1287 | D:2      | Learned a level 3 spell: Stone Arrow
  1291 | D:2      | Slain by an orc warrior

Vault maps used:
D:1:      dpeg_arrival_boxorama
D:2:      nicolae_overflow_hidden_temple, hangedman_abyss_or_decor_lesser_grid

Skill      XL: |  1  2 |
---------------+-------+-----
Earth Magic    | 4 |  4.4
Dodging        | 3 |  3.3
Stealth        | |  2.4
Spellcasting   | |  3.9
Transmutations | |  1.1

Action                   || total
-------------------------++-------
Melee: Spear             ||    30
 Cast: Sandblast         ||    35
 Stab: Sleeping          ||     2
  Eat: Chunk             ||     1
Armor: Robe              ||    11
Dodge: Dodged            ||    28

Table legend:
 A = Non-vault XP
 B = Vault XP
 C = Vault XP percentage of total XP
 D = Non-vault monster count
 E = Vault monster count
 F = Vault count percentage of total count
                 A         B        C        D         E       F
            +---------+---------+-------+---------+---------+-------
      Total |      94 |       0 |   0.0 |      32 |       0 |   0.0
            +---------+---------+-------+---------+---------+-------
        D:1 |      21 |       0 |   0.0 |      15 |       0 |   0.0
        D:2 |      73 |       0 |   0.0 |      17 |       0 |   0.0
            +---------+---------+-------+---------+---------+-------
